 Dungeon Crawl Stone Soup version 0.29-a0-1023-g6ae1a4a2c7 (webtiles) character file.

Game seed: 11223926262723978781

135 tatocazan the Trooper (level 4, -2/37 HPs)
             Began as a Demonspawn Fighter on Aug 12, 2022.
             Was an Initiate of Nemelex Xobeh.
             Slain by an orc priest
             ... wielding a +0 trident
              (8 damage)
             ... on level 4 of the Dungeon.
             The game lasted 00:04:19 (4022 turns).

tatocazan the Trooper (Demonspawn Fighter)          Turns: 4022, Time: 00:04:20

Health: -2/37      AC:  6    Str: 18    XL:     4   Next: 97%
Magic:  4/4        EV:  9    Int:  9    God:    Nemelex Xobeh [......]
Gold:   186        SH:  5    Dex: 13    Spells: 3/3 levels left

rFire   . . .      SeeInvis .   q - +2 demon trident (vamp)
rCold   . . .      Faith    .   c - +0 buckler
rNeg    . . .      Spirit   .   b - +0 scale mail
rPois   .          Reflect  .   (no helmet)
rElec   .          Harm     .   (no cloak)
rCorr   .          Rampage  .   (no gloves)
Will    .....                   (no boots)
Stlth   ..........              (no amulet)
HPRegen 0.12/turn               (no ring)
MPRegen 0.18/turn               (no ring)

@: no status effects
A: magic regeneration, demonic touch 1
a: Renounce Religion, Draw Escape, Draw Destruction, Draw Summoning


You were on level 4 of the Dungeon.
You worshipped Nemelex Xobeh.
Nemelex Xobeh was noncommittal.
You visited 1 branch of the dungeon, and saw 4 of its levels.

You collected 186 gold pieces.

Inventory:

Hand Weapons
 a - a +0 war axe
 q - a +2 vampiric demon trident (weapon)
Armour
 b - a +0 scale mail (worn)
 c - a +0 buckler (worn)
 p - a +0 cloak
Scrolls
 g - a scroll of magic mapping {unknown}
 h - 2 scrolls of identify
Potions
 d - 2 potions of might
 e - 3 potions of attraction
 k - a potion of mutation {unknown}
 m - a potion of heal wounds {unknown}
 n - a potion of curing {unknown}


   Skills:
 + Level 3.8 Fighting
 - Level 2.6(2.7) Axes
 * Level 0.5(1.7) Polearms
 + Level 3.4 Armour
 + Level 3.4 Shields
 + Level 0.6 Invocations


You had 3 spell levels left.
You didn't know any spells.
Your spell library contained the following spells:

 Spells                   Type           Power      Damage    Failure   Level
 Sting                    Tmut/Pois      0%         1d3       86%         1
 Ignite Poison            Fire/Tmut/Pois 0%         N/A       99%         3


Dungeon Overview and Level Annotations

Branches:
Dungeon (4/15)
 Temple: D:4-7

Altars:
Ashenzari
Hepliaklqana
Nemelex Xobeh
Vehumet
Xom


Innate Abilities, Weirdness & Mutations

You regenerate magic rapidly.
Your touch may inflict minor irresistible damage on your foes.


Message History

You closely miss the orc wizard.
The orc wizard hits you but does no damage.
The orc priest hits you but does no damage.
You block the orc priest's attack.
The orc priest invokes the aid of Beogh against you.
Beogh smites you!
* * * LOW HITPOINT WARNING * * *
The orc wizard hits you but does no damage.
You take 12 damage, and have 12/55 hp.
MASSIVE DAMAGE!!
You hit the orc wizard but do no damage.
The orc wizard hits you but does no damage.
The orc priest hits you but does no damage.
You hit the orc wizard but do no damage.
You block the orc wizard's attack.
The orc priest hits you but does no damage.
You hit the orc wizard.
The orc wizard is moderately wounded.
The orc wizard hits you but does no damage.
The orc priest hits you but does no damage.
You puncture the orc wizard!
You feel better.
You kill the orc wizard!
The orc priest begins to cast a cantrip, but forgets the words!
The orc priest barely misses you. You block the orc priest's attack.
You regained 5 hp, and now have 18/55 hp.
You hit the orc priest but do no damage.
The orc priest hits you but does no damage.
The orc priest invokes the aid of Beogh against you.
Beogh smites you!
* * * LOW HITPOINT WARNING * * *
The orc priest hits you but does no damage.
You take 9 damage, and have 9/55 hp.
It was a potion of cancellation.
Your magical effects are unravelling.
You feel magically purged.
You feel less wooden.
Your +0 scale mail unmelds from your body.
You block the orc priest's attack.
The orc priest hits you from afar with a +0 trident!
You die...
Your body disappears without a glow.

##+# #.## ##.# #...#
##.###.## .....# ##.#..#
....[.# ##.#.##
.[.....####...##########
.o......................
.o.[..ooo.......########
.....#o####.##.# .o. #@#
#.>##.# . #.# #.###.#
#.. .. ..# #####. ### #.


You could see 3 orc priests and an orc.

Vanquished Creatures
  An orc wizard (D:4)
  4 adders
  2 worms (D:3)
  4 dart slugs (D:1)
  An orc (D:3)
  10 ball pythons
  2 bats
  An endoplasm (D:1)
  5 giant cockroaches
  A goblin (D:4)
  5 hobgoblins
  4 jackals (D:1)
  7 kobolds
  6 quokkas
  2 frilled lizards
  4 rats
59 creatures vanquished.

Notes
Turn   | Place    | Note
-------+----------+-------------------------------------------
     0 | D:1      | tatocazan the Demonspawn Fighter began the quest for the
                  | Orb.
     0 | D:1      | Reached XP level 1. HP: 18/18 MP: 1/1
    65 | D:1      | Gained mutation: You regenerate magic rapidly. [demonic
                  | ancestry]
    65 | D:1      | Reached XP level 2. HP: 13/24 MP: 2/2
   369 | D:1      | Gained mutation: Your touch may inflict minor irresistible
                  | damage on your foes. [demonic ancestry]
   369 | D:1      | Reached XP level 3. HP: 25/29 MP: 3/3
   719 | D:2      | Found a faded altar of an unknown god.
  1084 | D:2      | Identified the +3 ring mail of Baleful Beauty {rN+ rCorr
                  | Str+3}
  2239 | D:3      | Reached XP level 4. HP: 22/35 MP: 4/4
  2898 | D:3      | Found a broken altar of Ashenzari.
  2904 | D:3      | Found a sparkling altar of Nemelex Xobeh.
  2936 | D:3      | Found a radiant altar of Vehumet.
  3021 | D:3      | Found a shimmering altar of Xom.
  3022 | D:3      | Found a hazy altar of Hepliaklqana.
  3023 | D:3      | Noticed a spectral ugly thing
  3023 | D:3      | Noticed an ice beast
  3454 | D:3      | Became a worshipper of Nemelex Xobeh the Trickster
  3669 | D:4      | Got the Octavo of Reformation
  4022 | D:4      | Slain by an orc priest

Illustrated notes

Levels and vault maps discovered:
D:1:      psy_arrival_basics, layout_basic
D:2:      layout_basic, ebering_ecumenical_altar_abandoned
D:3:      layout_loops_cross, regret_index_temple_of_mockery,
          mainiacjoe_overflow_six_doors_small, mainiacjoe_overflow_big_doors,
          minmay_shallow_snake_nest
D:4:      layout_loops_corners, grunt_temple_overflow_bloody_war,
          gammafunk_temple_overflow_statue, minivault_14, kennysheep_flooded_box

Skill      XL: |  1  2 |
---------------+-------+-----
Axes           | 2 |  2.6
Armour         | 3 |  3.4
Shields        | 3 |  3.4
Fighting       | |  3.8
Polearms       | |  0.5
Invocations    | |  0.6

Action                   |  1- 3 |  4- 6 || total
-------------------------+-------+-------++-------
Melee: War axe           |    97 |    45 ||   142
       Demon trident     |       |    15 ||    15
  Use: Scroll            |       |     4 ||     4
       Potion            |       |     2 ||     2
Armor: Scale mail        |    48 |    22 ||    70
       Skin              |       |    20 ||    20
Dodge: Dodged            |    35 |    32 ||    67
Block: Buckler           |    27 |    18 ||    45

Table legend: (Time is in decaauts)
 A = Elapsed time spent in this place.
 B = Non-inter-level travel time spent in this place.
 C = Inter-level travel time spent in this place.
 D = Time resting spent in this place.
 E = Time spent auto-exploring this place.
 F = Levels seen in this place.
 G = Mean time per level.
                   A        B        C        D        E       F      G
               +--------+--------+--------+--------+--------+-----+--------+
         Total |   4087 |   3980 |    107 |    978 |   2566 |   4 | 1021.8 |
       Dungeon |   4087 |   3980 |    107 |    978 |   2566 |   4 | 1021.8 |
               +--------+--------+--------+--------+--------+-----+--------+

Top non-repeatable levels by time:
     D:2: 1475 daAuts
     D:3: 1391 daAuts
     D:1: 727 daAuts
     D:4: 493 daAuts
